Unix NetHack Version 5.0.0-0 post-release - last build May 17 2026 04:57:42 (dc50c8380fa5e20985bfe3072449f57b8d9895ef,branch:main).

Game began 2026-05-19 22:10:30, ended 2026-05-20 00:06:08.

Corncycle, chaotic male human Rogue

                                                          ----
                                                          |..--
                                                           ...--
                                                           ....---
                                                           -.....|   ----
                                                       -  --.....--  ...| ---
                                                   ----#  -..@d.............--
                                                 -..........q................|
                                                 ---.......f. ...............|
                                                   --......[.....l..-- ...----
                                                    ---......--.....|    --
                                                      |...---- .-----
                                                      ----      |

Corncycle the Rogue     St:15 Dx:16 Co:16 In:10 Wi:9 Ch:11  Chaotic
Dlvl:8  $:213 HP:0(49) Pw:23(23) AC:4  Xp:7 T:5735 

Latest messages:
 The jar crashes on your head and breaks into shards.
 The swirly potion evaporates.
 It suddenly gets dark.
 You can see again.
 You swap places with your little dog.
 You descend the stairs.
 The housecat bites!
 You climb up the stairs.
 What do you want to use or apply? [gq-sxAJU or ?*]
 You are now wearing a blindfold.
 You can't see any more.
 What do you want to use or apply? [gq-sxAJU or ?*]
 You were wearing an uncursed blindfold.
 You can see again.
 You descend the stairs.
 The little dog misses the housecat.
 The housecat bites!
 What do you want to throw? [$b or ?*]
 In what direction?
 The housecat seems more amiable.
 Your housecat devours a tripe ration.
 The little dog misses the leprechaun.
 The housecat misses the leocrotta.
 The little dog bites the leprechaun.
 The leprechaun misses the little dog.
 The leprechaun hits!
 Your purse feels lighter.
 The leprechaun vanishes and reappears close by.
 The housecat misses the leocrotta.
 The leocrotta hits!
 The leocrotta bites!
 The leocrotta hits!
 What do you want to drink? [hwyCE-GL or ?*]
 You feel better.
 The leocrotta hits!
 The leocrotta bites!
 The leocrotta hits!
 The housecat bites the leocrotta.
 The leocrotta hits the housecat.
 The leocrotta bites the housecat.
 The leocrotta misses the housecat.
 The leocrotta hits!
 The leocrotta bites!
 The leocrotta hits!
 You die...
 Do you want your possessions identified? [ynq] (y)
 Do you want to see your attributes? [ynq] (y)
 Do you want an account of creatures vanquished? [ynaq] (y)
 Do you want to see your conduct and achievements? [ynq] (y)
 Do you want to see the dungeon overview? [ynq] (y)

Inventory:
 Coins    ('$')
  $ - 213 gold pieces
 Weapons  (')')
  b - 14 +0 daggers (at the ready)
  a - the fireproof +3 Orcrist (weapon in right hand)
 Armor    ('[')
  Q - an uncursed +0 dwarvish iron helm (being worn)
  f - an uncursed +0 pair of elven boots (being worn)
  S - an uncursed +0 dwarvish cloak (being worn)
  u - an uncursed +0 Hawaiian shirt with a water nymph motif (being worn)
  c - an uncursed +1 leather armor (being worn)
 Comestibles  ('%')
  M - 3 uncursed food rations
  H - an uncursed lizard corpse
 Scrolls  ('?')
  I - an uncursed scroll of blank paper
  i - an uncursed scroll of confuse monster
  O - 2 uncursed scrolls of earth
  m - an uncursed scroll of magic mapping
  B - an uncursed scroll of punishment
 Potions  ('!')
  L - an uncursed potion of blindness
  E - an uncursed potion of confusion
  F - an uncursed potion of full healing
  h - 2 uncursed potions of gain energy
  G - an uncursed potion of object detection
  w - a potion of holy water
  y - 2 uncursed potions of water
 Rings    ('=')
  K - an uncursed ring of conflict
  W - an uncursed ring of shock resistance
 Wands    ('/')
  q - a wand of digging (0:6)
  J - a wand of digging (0:6)
  r - a wand of magic missile (0:0)
  x - a wand of slow monster (0:8)
  U - a wand of stasis (0:5)
 Tools    ('(')
  g - an uncursed blindfold
  s - an uncursed brass lantern (lit)
  A - an uncursed skeleton key

Corncycle the Rogue's attributes:

Background:
 You were a Rogue, level 7 male human.
 You were chaotic, on a mission for Kos
 who was opposed by Issek (lawful) and Mog (neutral).
 You were right-handed.
 You were in the Gnomish Mines, on level 8.
 You entered the dungeon 5735 turns ago.
 It was the midnight hour.
 There was a new moon in effect when your adventure ended.
 You had 1262 experience points, 18 more were needed to attain level 8.

Basics:
 You had 0 out of 49 hit points.
 You had all 23 energy points (spell power).
 Your armor class was 4.
 Your wallet contained 213 zorkmids.
 Autopickup was off.

Final Characteristics:
 Your strength was 15 (limit:18/100).
 Your dexterity was 16 (limit:18).
 Your constitution was 16 (limit:18).
 Your intelligence was 10 (limit:18).
 Your wisdom was 9 (limit:18).
 Your charisma was 11 (limit:18).

Final Status:
 You weren't hungry.
 You were unencumbered.
 You were wielding a broadsword.
 You were unskilled in broadsword.

Final Attributes:
 You were piously aligned.
 Your items were somewhat protected from fire.
 Your items were somewhat protected from cold.
 You were telepathic.
 You were aware of the presence of orcs.
 You were stealthy.
 You were warded.
 You are dead.

Miscellaneous:
 You encountered 1 bones level.
 Total elapsed playing time was 1 hour, 21 minutes and 54 seconds.

Major events:
 Turn
    1: Corncycle the chaotic male human Rogue entered the dungeon
 1003: attained the rank of Cutpurse (level 3)
 2026: entered Sokoban
 2423: completed 1st Sokoban level
 2748: completed 2nd Sokoban level
 2865: attained the rank of Rogue (level 6)
 3154: completed 3rd Sokoban level
 4241: entered the Gnomish Mines
 4836: reached Mine Town
 5014: was bestowed with Orcrist by Kos
 5735: killed by a leocrotta

You didn't know any spells.

Skills:
 Fighting Skills
   bare handed combat [Unskilled]
   two weapon combat  [Unskilled]
   riding             [Unskilled]
 Weapon Skills
   dagger             [Expert]
   knife              [Unskilled]
   short sword        [Basic]
   broadsword         [Unskilled]
   long sword         [Unskilled]
   two-handed sword   [Unskilled]
   saber              [Unskilled]
   club               [Unskilled]
   mace               [Unskilled]
   morning star       [Unskilled]
   flail              [Unskilled]
   hammer             [Unskilled]
   polearms           [Unskilled]
   spear              [Unskilled]
   crossbow           [Unskilled]
   dart               [Unskilled]
   shuriken           [Unskilled]
 Spellcasting Skills
   divination spells  [Unskilled]
   escape spells      [Unskilled]
   matter spells      [Unskilled]

Voluntary challenges:
 Character rerolling was not enabled.
 You never genocided any monsters.
 You never polymorphed an object.
 You never changed form.
 You used no wishes.
 You did not violate any of the special Sokoban rules.
Achievements:
 You entered a shop.
 You attained the rank of Cutpurse.
 You entered Sokoban.
 You attained the rank of Rogue.
 You entered the Gnomish Mines.
 You entered Minetown.
 You entered a temple.

 The Dungeons of Doom: levels 1 to 8
    Level 1:
       Some fountains.
    Level 2:
       An altar to Kos.
    Level 3:
       A food shop, a fountain.
       Stairs down to The Gnomish Mines.
    Level 4:
       A general store.
    Level 5:
       Many fountains.
       Oracle of Delphi.
    Level 6:
       A fountain.
       Stairs up to Sokoban, level 5.
    Level 7:
       A fountain.
    Level 8:
 The Gnomish Mines: levels 4 to 8
    Level 4:
    Level 5:
    Level 6:
       Many shops, a temple and an altar to Kos, some fountains.
    Level 7:
    Level 8: <- You were here.
       A grave.
       Final resting place for
          you, killed by a leocrotta,
          Brudee-Mon-Hum-Fem-Cha, killed by a leocrotta.
 Sokoban: levels 5 up to 2
    Level 2:
       Unsolved.
    Level 3:
       Solved.
    Level 4:
       Solved.
    Level 5:
       Solved.


Vanquished creatures:
  a small mimic
  a leprechaun
  2 gnome rulers
  a dwarf mummy
  2 lizards
  a raven
  a gnome mummy
  a human zombie
  a wood nymph
  a water nymph
 an orc shaman
  3 rock piercers
  a fog cloud
  a violet fungus
  4 gnome leaders
  3 gnomish wizards
  a kobold mummy
  a black naga hatchling
  a gray ooze
  a straw golem
  2 giant ants
  a little dog
  2 floating eyes
  9 dwarves
  2 homunculi
  2 kobold leaders
  a rabid rat
  a centipede
  3 orc zombies
  a dwarf zombie
  2 wererats
  2 iguanas
  a killer bee
 an acid blob
  a gas spore
  a hobbit
  a hobgoblin
  3 cave spiders
  a yellow mold
  a green mold
  2 red molds
 34 gnomes
  2 geckos
  4 jackals
  a fox
  a kobold
  a goblin
  2 sewer rats
  8 grid bugs
  3 bats
  7 lichens
  a kobold zombie
 10 newts
143 creatures vanquished.

No species were genocided or became extinct.

Game over:
                       ----------
                      /          \
                     /    REST    \
                    /      IN      \
                   /     PEACE      \
                  /                  \
                  |    Corncycle     |
                  |      213 Au      |
                  |   killed by a    |
                  |    leocrotta     |
                  |                  |
                  |                  |
                  |       2026       |
                 *|     *  *  *      | *
        _________)/\\_//(\/(/\)/\//\/|_)_______

Goodbye Corncycle the Rogue...

You died in The Gnomish Mines on dungeon level 8 with 5620 points,
and 213 pieces of gold, after 5735 moves.
You were level 7 with a maximum of 49 hit points when you died.

